 Dungeon Crawl Stone Soup version 0.31-a0-313-g785cd24033 (webtiles) character file.

Game seed: 919811313550358823

80 AdnanSaban the Trooper (level 4, -2/29 HPs)
             Began as a Gargoyle Fighter on July 17, 2023.
             Slain by a gnoll
             ... wielding a +0 flail
              (8 damage)
             ... on level 3 of the Dungeon.
             The game lasted 00:02:43 (1503 turns).

AdnanSaban the Trooper (Gargoyle Fighter)           Turns: 1503, Time: 00:02:44

Health: -2/29      AC: 12    Str: 22    XL:     4   Next: 39%
Magic:  4/4        EV:  9    Int:  8    God:
Gold:   66         SH:  4    Dex:  9    Spells: 3/3 levels left

rFire   . . .        a - +0 flail
rCold   . . .        c - +0 buckler
rNeg    + . .        b - +0 scale mail
rPois   ∞            (no helmet)
rElec   +            (no cloak)
rCorr   .            j - +1 pair of gloves
SInv    .            (no boots)
Will    .....        (no amulet) Stlth
                     (no ring)
HPRegen 0.24/turn    (no ring)
MPRegen 0.09/turn

%: no passive effects
@: no status effects
A: sickness immunity, AC +3, negative energy resistance 1, electricity
resistance, torment resistance 1, petrification resistance
a: no special abilities


You were on level 3 of the Dungeon.
You visited 1 branch of the dungeon, and saw 3 of its levels.

You collected 66 gold pieces.

Inventory:

Hand Weapons
 a - a +0 flail (weapon)
Armour
 b - a +0 scale mail (worn)
 c - a +0 buckler (worn)
 j - a +1 pair of gloves (worn)
Jewellery
 f - a ring of resist corrosion
Talismans
 i - a maw talisman
Scrolls
 e - a scroll of fog {unknown}
 g - a scroll of identify {unknown}
 h - 4 scrolls of amnesia {unknown}
 m - a scroll of teleportation {unknown}
 o - a scroll of enchant weapon {unknown}
 p - a scroll of noise {unknown}
 s - a scroll of enchant armour {unknown}
Potions
 d - 2 potions of might
 k - a potion of haste {unknown}
 l - a potion of curing {unknown}
 n - a potion of heal wounds {unknown}
 q - a potion of lignification {unknown}
 r - a potion of cancellation {unknown}


   Skills:
 + Level 3.9 Fighting
 + Level 3.0 Maces & Flails
 + Level 3.9 Armour
 + Level 3.9 Shields


You had 3 spell levels left.
You didn't know any spells.
Your spell library contained the following spells:

 Spells                   Type           Power      Damage    Failure   Level
 Summon Forest            Summ/Tloc      0%         N/A       100%        5
 Summon Mana Viper        Hex/Summ       0%         N/A       100%        5
 Summon Cactus Giant      Summ           0%         N/A       100%        6


Dungeon Overview and Level Annotations

Branches:
Dungeon (3/15)

Altars:

Shops:
D:1 *[(


Innate Abilities, Weirdness & Mutations

You are immune to sickness and miasma.
Your stone body is resilient. (AC +3)
You are immune to poison.
You resist negative energy. (rN+)
You are resistant to electric shocks. (rElec)
You are resistant to unholy torment.
You are immune to petrification.


Message History

You barely miss the adder.
The adder bites you but does no damage. x2
You closely miss the adder. The adder bites you but does no damage.
The adder closely misses you.
You closely miss the adder. The adder bites you but does no damage.
You thump the adder!
The adder is almost dead.
The adder bites you. The adder bites you but does no damage.
You sock the adder!
You kill the adder!
Your Maces & Flails skill increases to level 3!
There is a stone staircase leading up here.
You start resting.
HP restored.
You climb upwards.
The gnoll hits you with a +0 flail.
The kobold throws a stone.
The stone barely misses you. The gnoll closely misses you.
The gnoll hits you from afar with a +2 heavy spear.
There is a stone staircase leading down here.
The gnoll hits you but does no damage. The gnoll hits you with a +0 flail.
You climb downwards.
There is a stone staircase leading up here.
You closely miss the gnoll. The gnoll hits you with a +0 flail!
The gnoll closely misses you.
You barely miss the gnoll.
The gnoll hits you but does no damage. x2
The gnoll hits you with a +0 flail. You block the gnoll's attack.
You hit the gnoll.
The gnoll is lightly wounded.
The gnoll hits you but does no damage. You block the gnoll's attack.
You closely miss the gnoll.
The gnoll is lightly wounded.
The gnoll hits you but does no damage. You block the gnoll's attack.
You hit the gnoll.
The gnoll is moderately wounded.
The gnoll hits you but does no damage. The gnoll hits you with a +0 flail.
* * * LOW HITPOINT WARNING * * *
The gnoll closely misses you. You block the gnoll's attack.
You barely miss the gnoll.
The gnoll is moderately wounded.
The gnoll hits you with a +0 flail!
You die...

########
#......#
#g# #@#
#g# #.#
#.# ..#
###


You could see 2 gnolls.

Vanquished Creatures
  2 adders
  2 worms (D:2)
  3 dart slugs
  6 bats
  5 endoplasms
  A giant cockroach (D:1)
  4 goblins (D:1)
  3 hobgoblins
  6 jackals (D:1)
  5 ball pythons
  2 frilled lizards
  6 kobolds
  2 rats (D:2)
47 creatures vanquished.

Notes
Turn   | Place    | Note
-------+----------+-------------------------------------------
     0 | D:1      | AdnanSaban the Gargoyle Fighter began the quest for the
                  | Orb.
     0 | D:1      | Reached XP level 1. HP: 14/14 MP: 1/1
    55 | D:1      | Reached XP level 2. HP: 18/19 MP: 2/2
   330 | D:1      | Found Pulotore's Antique Armour Shoppe.
   365 | D:1      | Reached XP level 3. HP: 24/24 MP: 3/3
   384 | D:1      | Found Diolu's Assorted Antiques.
   712 | D:1      | Found Sibriem's Antique Weapon Boutique.
  1103 | D:2      | Reached XP level 4. HP: 12/29 MP: 4/4
  1503 | D:3      | Slain by a gnoll

Illustrated notes

Levels and vault maps discovered:
D:1:      spicycebolla_arrival_clurvy, layout_basic, serial_shops,
          nicolae_shop_crystal, nicolae_shop_tiny_statue_garden,
          nicolae_shop_behind_doors, minmay_strange_pillars
D:2:      layout_basic, nicolae_eternal_life, nicolae_grassy_gnolls
D:3:      layout_loops_ring, serial_shops, shop

Skill      XL: |  1  2  3  4 |
---------------+-------------+-----
Maces & Flails | 3 |  3.0
Fighting       | |  3.9
Armour         | |  3.9
Shields        | |  3.9

Action                     |  1- 3 |  4- 6 || total
---------------------------+-------+-------++-------
  Melee: Flail             |   159 |    29 ||   188
 Armour: Scale mail        |   124 |    20 ||   144
  Dodge: Dodged            |   102 |    11 ||   113
  Block: Buckler           |    47 |     9 ||    56

Table legend: (Time is in decaauts)
 A = Elapsed time spent in this place.
 B = Non-inter-level travel time spent in this place.
 C = Inter-level travel time spent in this place.
 D = Time resting spent in this place.
 E = Time spent auto-exploring this place.
 F = Levels seen in this place.
 G = Mean time per level.
                   A        B        C        D        E       F      G
               +--------+--------+--------+--------+--------+-----+--------+
         Total |   1562 |   1538 |     24 |    168 |    951 |   3 |  520.7 |
       Dungeon |   1562 |   1538 |     24 |    168 |    951 |   3 |  520.7 |
               +--------+--------+--------+--------+--------+-----+--------+

Top non-repeatable levels by time:
     D:1: 832 daAuts
     D:2: 638 daAuts
     D:3: 91 daAuts
